 Dungeon Crawl Stone Soup version 0.22-a0-136-g83a10e5 (webtiles) character file.

50561 Shoot2035 the Unseen (level 14, -6/72 HPs)
             Began as a Felid Berserker on Feb 2, 2018.
             Was the Champion of Trog.
             Mangled by a catoblepas (11 damage)
             ... on level 15 of the Dungeon.
             The game lasted 00:55:05 (25159 turns).

Shoot2035 the Unseen (Felid Berserker)             Turns: 25159, Time: 00:55:05

Health: -6/72      AC:  4    Str: 13    XL:     14   Next: 20%
Magic:  15/15      EV:  4    Int: 15    God:    Trog [******]
Gold:   671        SH:  0    Dex: 28    Spells: 13/13 levels left
                                        Lives:  0   Deaths: 3

rFire    . . .     SeeInvis +     - Unarmed
rCold    + . .     Gourm    .   (shield unavailable)
rNeg     + + +     Faith    +   (armour unavailable)
rPois    ∞         Spirit   .   (helmet unavailable)
rElec    +         Reflect  .   (cloak unavailable)
rCorr    +         Harm     .   (gloves unavailable)
MR       ++...                  (boots unavailable)
Stlth    ++++++++..             d - amulet of faith
HPRegen  0.22/turn              t - ring of Napo {rElec rPois AC+1 Int+4}
MPRegen  0.14/turn              p - ring "Ahask" {rCorr Int+2 Dex+6}

@: petrified, quick
A: very small, no armour, no weapons or thrown items, stealth, claws 1, fangs 3,
see invisible, carnivore, speed 1, shaggy fur 3, slow metabolism 1, sharp paws
a: Berserk, Trog's Hand, Brothers in Arms, Burn Spellbooks, Renounce Religion


You were on level 15 of the Dungeon.
You worshipped Trog.
Trog was exalted by your worship.
You were full.

You visited 3 branches of the dungeon, and saw 23 of its levels.

You collected 1860 gold pieces.
You spent 1189 gold pieces at shops.

Inventory:

Jewellery
 d - an amulet of faith (around neck)
 f - a +5 ring of strength {unknown}
 g - an uncursed ring of protection from magic
 n - a cursed -2 ring of intelligence {unknown}
 p - the ring "Ahask" (right paw) {rCorr Int+2 Dex+6}
   (You bought it in a shop on level 2 of the Orcish Mines)

   [ring of resist corrosion]

   It affects your intelligence (+2).
   It affects your dexterity (+6).
 t - the ring of Napo (left paw) {rElec rPois AC+1 Int+4}
   (You bought it in a shop on level 2 of the Orcish Mines)

   [ring of protection]

   It affects your AC (+1).
   It affects your intelligence (+4).
   It insulates you from electricity.
   It protects you from poison.
 C - a +5 ring of dexterity
 K - a +3 ring of dexterity
 S - an uncursed ring of poison resistance
 U - an uncursed ring of resist corrosion
 X - the amulet of the Four Winds {rN+ MR+++ Clar}
   (You found it on level 5 of the Lair of Beasts)

   [amulet of nothing]

   It protects you from negative energy.
   It affects your resistance to hostile enchantments.
   It protects you against confusion.
Wands
 u - a wand of polymorph (18)
 H - a wand of disintegration (27)
 I - a wand of scattershot (11)
 J - a wand of paralysis (16)
 N - a wand of acid (7)
 Y - a wand of flame (11)
Scrolls
 c - 5 scrolls of fog {unknown}
 i - 2 scrolls of summoning {unknown}
 m - 11 scrolls of identify
 r - a scroll of silence
 s - 6 scrolls of remove curse
 D - 3 scrolls of teleportation
 O - 2 scrolls of immolation
Potions
 e - 3 potions of curing
 h - 2 potions of heal wounds
 j - 2 potions of degeneration {unknown}
 k - 2 potions of magic {unknown}
 l - 2 potions of agility {unknown}
 o - 2 potions of might {unknown}
 q - 2 potions of cancellation {unknown}
 w - 6 potions of lignification {unknown}
 A - 3 potions of brilliance {unknown}
 F - a potion of invisibility {unknown}
 G - 3 potions of mutation {unknown}
 V - a potion of ambrosia {unknown}
 W - 2 potions of haste
Books
 b - a book of the Earth

   Spells                             Type                      Level
   a - Leda's Liquefaction            Hexes/Earth                  4
   b - Bolt of Magma                  Conjuration/Fire/Earth       5
   c - Statue Form                    Transmutation/Earth          6
   d - Iron Shot                      Conjuration/Earth            6
   e - Shatter                        Earth                        9
   Trog disapproves of the use of such an item.
 Q - a book of Callings

   Spells                             Type                      Level
   a - Summon Small Mammal            Summoning                    1
   b - Call Imp                       Summoning                    2
   c - Call Canine Familiar           Summoning                    3
   d - Summon Guardian Golem          Hexes/Summoning              3
   e - Summon Lightning Spire         Summoning/Air                4
   f - Summon Ice Beast               Ice/Summoning                4
   Trog disapproves of the use of such an item.
 T - a book of Maledictions

   Spells                             Type                      Level
   a - Corona                         Hexes                        1
   b - Ensorcelled Hibernation        Hexes/Ice                    2
   c - Confuse                        Hexes                        3
   d - Tukima's Dance                 Hexes                        3
   e - Dazzling Spray                 Conjuration/Hexes            3
   Trog disapproves of the use of such an item.
Comestibles
 a - 41 rations


   Skills:
 + Level 14.6 Fighting
 + Level 18.2 Dodging
 + Level 19.2 Stealth
 + Level 14.5 Unarmed Combat


You had 13 spell levels left.
You didn't know any spells.

Dungeon Overview and Level Annotations

Branches:
Dungeon (15/15)            Temple (0/1) D:5            Lair (6/6) D:8
 Shoals (0/4) Lair:4        Snake (0/4) Lair:3        Slime (0/5) Lair:5
    Orc (2/2) D:12            Elf (0/3) Orc:2        Vaults (0/5) D:13
 Depths: D:15

Altars:
Ashenzari
Cheibriados
Dithmenos
Elyvilon
Fedhas
Kikubaaqudgha
Nemelex Xobeh
Okawaru
Qazlal
Ru
Trog
Vehumet
Xom
Yredelemnul
Zin
Beogh
Jiyva

Shops:
D:7 (   D:11 (   D:14 }   Orc:2 =[=:*

Annotations:
Lair:3 exclusion: oklob plant
Lair:4 exclusion: 4 oklob plants


Innate Abilities, Weirdness & Mutations

You cannot wear armour.
You are incapable of wielding weapons or throwing items.
Your paws allow you to move quietly. (Stealth)
You have sharp claws.
You have razor-sharp teeth.
You have supernaturally acute eyesight. (SInv)
You are carnivorous and can eat meat at any time.
You cover ground quickly.
Your thick and shaggy fur keeps you warm. (AC +3, rC+)
You have a slow metabolism.
Your sharp claws are effective at attacking unaware monsters.


Message History

The hornet completely misses you. The catoblepas gores you.
The hornet stings you!
The hornet stings you but does no damage.
The catoblepas breathes a plume of calcifying dust at you.
The blast of calcifying dust hits you!
You are engulfed in calcifying dust.
The hornet stings you.
The catoblepas breathes a plume of calcifying dust at you.
The blast of calcifying dust hits you! The hornet stings you!
* * * LOW HITPOINT WARNING * * *
You are engulfed in calcifying dust.
The hornet barely misses you. The catoblepas gores you!!
* * * LOW HITPOINT WARNING * * *
You are engulfed in calcifying dust.
The hornet stings you. The catoblepas gores you!
* * * LOW HITPOINT WARNING * * *
The hornet stings you.
* * * LOW HITPOINT WARNING * * *
You are engulfed in calcifying dust.
The hornet stings you. The catoblepas gores you!!
You die...

##.......[.....#
#...##...#....#.
#.............#
................
################
## ####
###.#######.###
≈≈≈≈
#)....§#.....y#
.....
##.#...#§#y#
..P..
#.......#@.#
....⌠
##...#.#'#Y.#
8... #......#
..... ≈≈≈≈
#(#.#.## #.#.##
#+#+## ##'#+##
#+ #
##.#.####.#.#.#
#......#.)....#
......#+#.##..#
#...#..#..#.#.#


You could see a catoblepas and a hornet.

Vanquished Creatures
  Gastronok (D:10)
  2 orc warlords
  5 dire elephants (Lair:6)
  The ghost of ThereIsNoGod the Geomancer, a journeyman FoEE of Makhleb (D:11)
  An ogre mage (D:15)
  Fannar (D:10)
  Erolcha (D:12)
  10 hydras
  A catoblepas (Lair:5)
  Erica (D:10)
  7 centaur warriors
  16 two-headed ogres
  An anaconda (Lair:6)
  A death knight (D:11)
  10 death yaks
  A deep troll earth mage (D:15)
  2 tengu warriors (D:15)
  An orc high priest (Orc:2)
  Urug (D:12)
  A deep elf knight (D:15)
  A fire crab (Lair:6)
  3 unseen horrors
  A wizard (D:13)
  A glowing orange brain (D:15)
  The ghost of anet the Vandal, a novice HaWz (D:6)
  A flayed ghost (D:15)
  A harpy (D:15)
  4 orc knights
  A wolf spider zombie (D:15)
  2 deep elf magi
  2 orc sorcerers (Orc:2)
  2 ugly things (D:11)
  2 manticores
  4 cyclopes
  Joseph (D:10)
  2 black mambas
  16 elephants
  A black mamba (shapeshifter) (D:15)
  2 gargoyles
  11 spiny frogs
  A kobold demonologist (D:12)
  2 yaktaurs (D:15)
  12 komodo dragons
  An efreet (D:15)
  8 trolls
  6 blink frogs
  2 polar bears
  A blink frog (shapeshifter) (D:15)
  4 slime creatures
  A hornet (D:14)
  12 dream sheep
  The ghost of hpc the Shield-Bearer, an amateur GrFi (D:5)
  9 hippogriffs
  Prince Ribbit (D:7)
  The ghost of anet the Magician, an amateur DEWz (D:4)
  3 shadows
  2 wraiths
  6 wyverns
  A vampire (D:11)
  7 basilisks
  33 yaks
  Eustachio (D:6)
  5 vampire mosquitoes
  5 wargs
  A soldier ant (D:15)
  4 nagas (Lair:3)
  2 acid dragons (D:15)
  4 water moccasins
  8 porcupines
  A black bear (D:8)
  15 orc warriors
  A phantom (D:11)
  An eye of draining (D:9)
  5 ice beasts
  2 necrophages (D:14)
  4 sky beasts
  12 ogres
  15 wolves
  5 boggarts (D:15)
  8 centaurs
  11 crocodiles
  A big kobold (D:8)
  4 gnoll sergeants
  20 bullfrogs
  A wyvern skeleton (D:14)
  2 scorpions
  A water moccasin skeleton (D:6)
  13 killer bees
  11 wights
  An electric eel (Lair:4)
  4 howler monkeys
  6 crimson imps
  3 centaur zombies
  4 quasits
  2 bullfrog skeletons
  A bullfrog zombie (D:5)
  3 hounds
  3 jellies
  12 orc priests
  21 orc wizards
  12 centaur skeletons
  4 iguanas
  9 worker ants
  A killer bee zombie (D:10)
  A hound zombie (D:10)
  2 hound skeletons
  Robin (D:2)
  20 gnolls
  15 adders
  5 shadow imps
  An adder zombie (D:5)
  2 adder skeletons
  A worm (D:3)
  A dart slug (D:3)
  7 leopard geckos
  58 orcs
  4 giant cockroaches
  15 goblins
  6 hobgoblins
  19 jackals
  13 kobolds
  2 quokkas
  5 bats
  3 frilled lizards
  8 rats
  A fungus (D:8)
  2 plants (Lair:6)
679 creatures vanquished.

Vanquished Creatures (collateral kills)
  A death yak (Lair:6)
  2 orc high priests (Orc:2)
  2 orc knights
  An ugly thing (D:11)
  A necromancer (D:15)
  3 orc sorcerers (Orc:2)
  2 spiny frogs
  A rime drake (Lair:6)
  A blink frog (Lair:5)
  2 hippogriffs
  A centaur simulacrum (D:15)
  A yak (Lair:6)
  A water moccasin (Lair:6)
  A hornet zombie (D:15)
  3 orc warriors (Orc:2)
  2 wolves (Lair:6)
  A crocodile (Lair:5)
  2 bullfrogs
  2 orc priests (Orc:2)
  4 orc wizards (Orc:2)
  A worker ant (D:11)
  A gnoll (D:11)
  A shadow imp (D:11)
  3 orcs (Orc:2)
  A fungus (Lair:6)
41 creatures vanquished.

Vanquished Creatures (others)
  A centaur simulacrum (D:15)
  A bush (Lair:6)
  12 fungi
  24 plants (Lair:6)
38 creatures vanquished.

Grand Total: 758 creatures vanquished

Notes
Turn   | Place    | Note
-------+----------+-------------------------------------------
     0 | D:1      | Shoot2035 the Felid Berserker began the quest for the Orb.
     0 | D:1      | Reached XP level 1. HP: 10/10 MP: 2/2
   101 | D:1      | Reached skill level 1 in Stealth
   104 | D:1      | Reached XP level 2. HP: 14/14 MP: 3/3
   293 | D:1      | Reached XP level 3. HP: 15/17 MP: 4/4
   381 | D:1      | Reached ** piety under Trog
   398 | D:1      | Reached skill level 2 in Stealth
   770 | D:2      | Noticed an ogre
   788 | D:2      | Killed an ogre
   788 | D:2      | Reached skill level 5 in Dodging
   788 | D:2      | Reached skill level 3 in Stealth
   788 | D:2      | Reached XP level 4. HP: 22/22 MP: 5/5
   788 | D:2      | Reached XP level 5. HP: 25/25 MP: 6/6
   886 | D:2      | Found a shimmering altar of Xom.
   957 | D:2      | Noticed Robin
   994 | D:2      | Killed Robin
  1135 | D:2      | Found a snail-covered altar of Cheibriados.
  1138 | D:2      | Found an iron altar of Okawaru.
  1141 | D:2      | Found a stormy altar of Qazlal.
  1414 | D:3      | Found an ancient bone altar of Kikubaaqudgha.
  1475 | D:3      | Found a blossoming altar of Fedhas.
  2156 | D:4      | Found a basalt altar of Yredelemnul.
  2270 | D:4      | Reached skill level 4 in Stealth
  2336 | D:4      | Gained mutation: You are covered in thick fur. (AC +2) [Felid growth]
  2336 | D:4      | Reached XP level 6. HP: 28/28 MP: 7/7
  2466 | D:4      | Found the cursed +14 obsidian axe {chop, +Fly SInv *Curse}
  2543 | D:4      | Found a shadowy altar of Dithmenos.
  2746 | D:4      | Noticed anet's ghost (amateur DEWz)
  2754 | D:4      | Killed anet's ghost
  2754 | D:4      | Reached skill level 5 in Stealth
  2754 | D:4      | Reached XP level 7. HP: 31/33 MP: 8/8
  3055 | D:4      | Found a white marble altar of Elyvilon.
  3097 | D:5      | Entered Level 5 of the Dungeon
  3145 | D:5      | Reached *** piety under Trog
  3212 | D:5      | Found a sparkling altar of Nemelex Xobeh.
  3241 | D:5      | Reached skill level 5 in Fighting
  3241 | D:5      | Reached skill level 5 in Unarmed Combat
  3255 | D:5      | Reached skill level 6 in Stealth
  3295 | D:5      | Noticed hpc's ghost (amateur GrFi)
  3448 | D:5      | Killed hpc's ghost
  3448 | D:5      | Reached XP level 8. HP: 37/37 MP: 9/9
  4078 | D:5      | Found a staircase to the Ecumenical Temple.
  4532 | D:6      | Reached skill level 7 in Stealth
  4613 | D:6      | Noticed Eustachio
  4618 | D:6      | Killed Eustachio
  5185 | D:6      | Noticed anet's ghost (novice HaWz)
  5214 | D:6      | Killed anet's ghost
  5214 | D:6      | Reached skill level 8 in Stealth
  5214 | D:6      | Reached XP level 9. HP: 42/42 MP: 10/10
  5577 | D:7      | Noticed Prince Ribbit
  5591 | D:7      | Killed Prince Ribbit
  5621 | D:7      | Found Daiv's Weapon Boutique.
  5629 | D:7      | Reached **** piety under Trog
  5678 | D:7      | Reached skill level 9 in Stealth
  6283 | D:7      | Found a shadowy altar of Dithmenos.
  6283 | D:7      | Found a sacrificial altar of Ru.
  6429 | D:8      | Found a staircase to the Lair.
  6476 | D:8      | Reached skill level 10 in Dodging
  6542 | D:8      | Reached skill level 10 in Stealth
  6764 | D:8      | Noticed a two-headed ogre
  6771 | D:8      | Killed a two-headed ogre
  6771 | D:8      | Reached XP level 10. HP: 48/48 MP: 11/11
  6860 | D:8      | Reached ***** piety under Trog
  7321 | D:9      | Found a shattered altar of Ashenzari.
  7326 | D:9      | Found a bloodstained altar of Trog.
  7364 | D:9      | Noticed a two-headed ogre
  7365 | D:9      | Found a radiant altar of Vehumet.
  7378 | D:9      | Killed a two-headed ogre
  7378 | D:9      | Reached skill level 11 in Stealth
  7569 | D:10     | Entered Level 10 of the Dungeon
  7775 | D:10     | Noticed Joseph
  7782 | D:10     | Killed Joseph
  7880 | D:10     | Noticed Erica
  7896 | D:10     | Killed Erica
  7896 | D:10     | Reached XP level 11. HP: 53/53 MP: 12/12
  7982 | D:10     | Noticed Fannar
  7984 | D:10     | Noticed an unseen horror
  7993 | D:10     | Killed an unseen horror
  7993 | D:10     | Reached skill level 12 in Stealth
  7997 | D:10     | Noticed Gastronok
  8002 | D:10     | Killed Fannar
  8023 | D:11     | Slain by a killer bee
  8024 | D:11     | Reached XP level 10. HP: 0/49 MP: 11/11
  8149 | D:10     | Killed Gastronok
  8397 | D:11     | Noticed a two-headed ogre
  8411 | D:11     | Killed a two-headed ogre
  8520 | D:11     | Reached XP level 11. HP: 54/54 MP: 12/12
  8524 | D:11     | Noticed a centaur warrior
  8534 | D:11     | Killed a centaur warrior
  8534 | D:11     | Reached skill level 10 in Fighting
  8534 | D:11     | Reached skill level 13 in Stealth
  8534 | D:11     | Reached skill level 10 in Unarmed Combat
  8566 | D:11     | Noticed a purple ugly thing
  8748 | D:11     | Noticed ThereIsNoGod's ghost (journeyman FoEE)
  8763 | D:11     | Killed ThereIsNoGod's ghost
  8830 | D:11     | Noticed a red ugly thing
  8841 | D:11     | Killed a red ugly thing
  9164 | D:11     | Killed a purple ugly thing
  9498 | D:11     | Noticed a two-headed ogre
  9513 | D:11     | Killed a two-headed ogre
  9525 | D:11     | Noticed an unseen horror
  9529 | D:11     | Killed an unseen horror
  9529 | D:11     | Reached skill level 14 in Stealth
  9857 | D:11     | Gained mutation: Your thick and shaggy fur keeps you warm. (AC +3, rC+) [Felid growth]
  9857 | D:11     | Reached XP level 12. HP: 31/59 MP: 13/13
  9899 | D:11     | Found Atreuluu's Antique Weapon Shoppe.
 10069 | D:11     | Reached ****** piety under Trog
 10320 | D:11     | Noticed a death knight
 10328 | D:11     | Killed a death knight
 10909 | Lair:1   | Entered Level 1 of the Lair of Beasts
 11875 | Lair:2   | Reached skill level 15 in Stealth
 12677 | Lair:3   | Found a staircase to the Snake Pit.
 12841 | Lair:3   | Noticed a seven-headed hydra
 12849 | Lair:3   | Killed a seven-headed hydra
 13541 | Lair:4   | Noticed a six-headed hydra
 13553 | Lair:4   | Reached XP level 13. HP: 64/64 MP: 14/14
 13987 | Lair:4   | Reached skill level 15 in Dodging
 14156 | Lair:4   | Found a staircase to the Shoals.
 14811 | Lair:5   | Found a dark tunnel.
 14858 | Lair:5   | You fall through a shaft!
 14858 | Lair:6   | Entered Level 6 of the Lair of Beasts
 14985 | Lair:6   | Reached skill level 16 in Stealth
 15262 | Lair:5   | Found a viscous altar of Jiyva.
 15262 | Lair:5   | Found a staircase to the Slime Pits.
 15263 | Lair:5   | Found the amulet of the Four Winds {rN+ MR+++ Clar}
 16460 | Lair:6   | Reached XP level 14. HP: 69/69 MP: 15/15
 17150 | Lair:6   | Reached skill level 17 in Stealth
 19444 | D:12     | Found a sacrificial altar of Ru.
 19515 | D:12     | Noticed Erolcha
 19519 | D:12     | Killed Erolcha
 19704 | D:12     | Noticed Urug
 19711 | D:12     | Killed Urug
 19861 | D:12     | Found a staircase to the Orcish Mines.
 20070 | D:13     | Found a gate to the Vaults.
 20981 | D:14     | Reached skill level 18 in Stealth
 21130 | D:14     | Found Bevakum's Gadget Boutique.
 21454 | D:14     | Reached XP level 15. HP: 42/75 MP: 16/16
 21970 | D:15     | Entered Level 15 of the Dungeon
 22213 | D:15     | Shot with an arrow by a centaur warrior
 22214 | D:15     | Reached XP level 14. HP: -6/72 MP: 15/15
 22296 | Orc:1    | Entered Level 1 of the Orcish Mines
 22879 | Orc:2    | Entered Level 2 of the Orcish Mines
 22913 | Orc:2    | Noticed an orc warlord
 22959 | Orc:2    | Killed an orc warlord
 23222 | Orc:2    | Found a roughly hewn altar of Beogh.
 23278 | Orc:2    | Found a staircase to the Elven Halls.
 23441 | Orc:2    | Found Qunauq's Jewellery Shoppe.
 23444 | Orc:2    | Bought the ring "Ahask" {rCorr Int+2 Dex+6} for 657 gold pieces
 23758 | Orc:2    | Found Lawogh's General Store.
 23758 | Orc:2    | Found Nis Dips's Armour Boutique.
 23760 | Orc:2    | Found Funosox's Book Emporium.
 23760 | Orc:2    | Found Bien Guo's Jewellery Boutique.
 23769 | Orc:2    | Bought the ring of Napo {rElec rPois AC+1 Int+4} for 532 gold pieces
 24165 | D:15     | Found a glowing silver altar of Zin.
 24376 | D:15     | Found an iron altar of Okawaru.
 24377 | D:15     | Found a radiant altar of Vehumet.
 24453 | D:15     | Slain by a manticore
 24454 | D:15     | Reached XP level 13. HP: -1/68 MP: 14/14
 24545 | D:15     | Reached skill level 19 in Stealth
 24842 | D:15     | Noticed an orc warlord
 24865 | D:15     | Killed an orc warlord
 24966 | D:15     | Reached XP level 14. HP: 72/72 MP: 15/15
 25159 | D:15     | Mangled by a catoblepas

Vault maps used:
D:1:      dpeg_arrival_rooms_c
D:2:      grunt_temple_overflow_open, uniq_robin
D:3:      nicolae_overflow_crystal_walls, overflow_temple_1_default,
          first_ration, kennysheep_nondescript
D:4:      kennysheep_ying_yang, grunt_dithmenos_smoke_and_mirrors
D:5:      temple_green, nemelex_altar_shiori
D:6:      water_maze_lemuel, uniq_eustachio
D:7:      gammafunk_temple_overflow_statue, serial_shops, shop,
          uniq_prince_ribbit1
D:8:      dpeg_oklobed_lair, grunt_ogre_cave
D:9:      overflow_temple_1_default, minitemple, trog_wizard
D:10:     uniq_gastronok, uniq_joseph, uniq_fannar, uniq_erica
D:11:     minmay_quarter_circles, serial_shops, kennysheep_mini,
          minmay_misc_feat_doors
D:12:     orc_0_dummy, nicolae_ru_path_of_blood, uniq_urug, uniq_erolcha
D:13:     david_vaults_1, minivault_4
D:14:     serial_shops, shop, hangedman_abyss_or_decor_slice, amethyst_killhole,
          kennysheep_minor_cross
D:15:     hangedman_slaughterboxes, uniq_louise, uniq_rupert
Lair:1:   grunt_megastairs_4
Lair:3:   minmay_snake_entry_guardpost_medium, grunt_forest_stairs_basic,
          st_stairs_6
Lair:4:   shoals_dummy_entry, grunt_megastairs_3, infiniplex_staircase_pool,
          minmay_lair_oklob_chamber
Lair:5:   slime_altar_1, lightli_volcano_entry_magma_tube,
          infiniplex_staircase_pool_2, lemuel_fruit_fields
Lair:6:   due_jungle_book
Orc:1:    serial_shops
Orc:2:    grunt_orc_tribal_feast, serial_shops, nicolae_shop_window_shopping,
          basic_altar

Skill      XL: |  1  2  3  4  5  6  7  8  9 10 11 12 13 14 15 |
---------------+----------------------------------------------+-----
Stealth        | 1 3 4 5 6 8 10 11 14 15 19 18 | 19.2
Dodging        | 5 6 7 8 10 11 13 14 18 17 | 18.2
Fighting       | 4 5 6 8 9 10 11 12 13 14 | 14.6
Unarmed Combat | 4 5 6 8 9 10 11 12 13 14 | 14.5

Action                   |  1- 3 |  4- 6 |  7- 9 | 10-12 | 13-15 || total
-------------------------+-------+-------+-------+-------+-------++-------
Melee: Unarmed           |    66 |    88 |   284 |   726 |  1008 ||  2172
       Bite              |     5 |     9 |    26 |   100 |   214 ||   354
       Punch             |       |     2 |     8 |    49 |   108 ||   167
Invok: Berserk           |     3 |     5 |    18 |    38 |    51 ||   115
       Trog's Hand       |     2 |     1 |     6 |    14 |    22 ||    45
       Brothers in Arms  |       |       |       |     1 |     9 ||    10
  Use: Scroll            |       |     4 |       |     5 |    15 ||    24
       Potion            |       |       |       |     2 |     3 ||     5
 Stab: Sleeping          |     3 |     5 |     6 |    36 |    46 ||    96
       Distracted        |       |     2 |     1 |     2 |    13 ||    18
  Eat: Chunk             |     9 |     5 |    30 |    57 |    81 ||   182
       Ration            |       |       |       |       |     2 ||     2
Armor: Skin              |     4 |     3 |     6 |    22 |    26 ||    61
Dodge: Dodged            |    48 |    47 |   257 |   681 |  1176 ||  2209

Table legend:
 A = Spawn XP
 B = Non-spawn XP
 C = Spawn XP percentage of total XP
 D = Spawn monster count
 E = Non-spawn monster count
 F = Spawn count percentage of total count
 G = Total turns spent on level
                    A         B        C        D         E        F      G
               +---------+---------+-------+---------+---------+-------+---------
         Total |       0 |  156029 |   0.0 |       0 |     716 |   0.0 | 25159
               +---------+---------+-------+---------+---------+-------+---------
           D:1 |       0 |      54 |   0.0 |       0 |      26 |   0.0 |   633
           D:2 |       0 |     240 |   0.0 |       0 |      26 |   0.0 |   713
           D:3 |       0 |      32 |   0.0 |       0 |       9 |   0.0 |   792
           D:4 |       0 |     458 |   0.0 |       0 |      10 |   0.0 |   959
           D:5 |       0 |     894 |   0.0 |       0 |      25 |   0.0 |  1211
           D:6 |       0 |    1458 |   0.0 |       0 |      20 |   0.0 |  1192
           D:7 |       0 |    1303 |   0.0 |       0 |      24 |   0.0 |   900
           D:8 |       0 |    2800 |   0.0 |       0 |      46 |   0.0 |   942
           D:9 |       0 |    1697 |   0.0 |       0 |      20 |   0.0 |   731
          D:10 |       0 |    7503 |   0.0 |       0 |      39 |   0.0 |   886
          D:11 |       0 |   15066 |   0.0 |       0 |      82 |   0.0 |  2160
          D:12 |       0 |    8530 |   0.0 |       0 |      27 |   0.0 |  1330
          D:13 |       0 |    4580 |   0.0 |       0 |      17 |   0.0 |   893
          D:14 |       0 |   11990 |   0.0 |       0 |      37 |   0.0 |  1160
          D:15 |       0 |   30017 |   0.0 |       0 |      61 |   0.0 |  1334
        Lair:1 |       0 |    5058 |   0.0 |       0 |      23 |   0.0 |   823
        Lair:2 |       0 |    2551 |   0.0 |       0 |      15 |   0.0 |   871
        Lair:3 |       0 |    5556 |   0.0 |       0 |      23 |   0.0 |   904
        Lair:4 |       0 |    5440 |   0.0 |       0 |      14 |   0.0 |  1279
        Lair:5 |       0 |   13328 |   0.0 |       0 |      38 |   0.0 |  1787
        Lair:6 |       0 |   26110 |   0.0 |       0 |      61 |   0.0 |  2079
         Orc:1 |       0 |    2452 |   0.0 |       0 |      28 |   0.0 |   801
         Orc:2 |       0 |    8912 |   0.0 |       0 |      45 |   0.0 |   779
               +---------+---------+-------+---------+---------+-------+---------
